AoeStats
← Jan Itor

Arena

509338845Analyzed
4v4 RM · 6d ago on Sep 26, 2026· 52m 57s· 8 players
Game mode
Random Map
Map size
Large (8 player)
Population
200
Speed
Normal
Resources
Standard
Victory
Conquest
Starting age
Dark Age
Ending age
Imperial Age
RankedLock teamsTeams togetherTeam positionsShared explorationLock speedFull tech treeHidden civsTurbo modeCheats
Victory
Defeat
🇹🇼 Teutons · Taiwan
1737
+15
🇦🇷 Shu · Argentina
1717
+16
🇭🇰 Dravidians · Hong Kong SAR China
1697
+17
🇹🇼 Malians · Taiwan
1654
+19
🇩🇪 Burmese · Germany
1808
-19
🇩🇪 Huns · Germany
1724
-17
🇩🇪 Lithuanians · Germany
1718
-17
🇫🇷 Jurchens · France
1640
-14
[AirBo]實心包
10:53 Feudal Age
14:36 Castle Age
12:56 Double-Bit Axe
12:51 Horse Collar
15:33 Bow Saw
19:15 Loom
19:41 Town Watch
21:45 Wheelbarrow
24:30 Gold Mining
28:16 Imperial Age
25:55 Fletching
26:06 Padded Archer Armor
27:01 Bodkin Arrow
27:40 Leather Archer Armor
28:15 Hand Cart
28:04 Heavy Plow
28:46 Husbandry
29:18 Medical Corps
28:43 Elite Elephant Archer
29:29 Bracer
29:45 Thumb Ring
31:34 Chemistry
30:09 Pikeman
30:49 Squires
35:10 Ballistics
35:14 Herbal Medicine
36:20 Ring Archer Armor
35:51 Scale Mail Armor
36:01 Forging
36:08 Forging
35:29 Halberdier
38:48 Medical Corps
39:03 Conscription
39:24 Murder Holes
40:02 Masonry
40:43 Chain Mail Armor
41:06 Iron Casting
43:34 Plate Mail Armor
44:05 Blast Furnace
liang0312
6:15 Loom
8:22 Feudal Age
8:52 Double-Bit Axe
11:38 Fletching
14:46 Horse Collar
21:27 Castle Age
27:46 Wheelbarrow
29:11 Bow Saw
34:02 Imperial Age
32:12 Scale Mail Armor
32:56 Heavy Plow
33:31 Chain Mail Armor
32:59 Man-at-Arms
33:26 Gambesons
33:41 Long Swordsman
34:22 Squires
34:39 Forging
34:22 Two-Handed Swordsman
36:26 Chemistry
35:33 Champion
37:25 Plate Mail Armor
37:56 Hand Cart
37:45 Pikeman
39:36 Bodkin Arrow
40:18 Iron Casting
39:21 Halberdier
40:38 Bodkin Arrow
40:43 Onager
42:31 Conscription
44:21 Blast Furnace
43:49 Crenellations
43:55 Siege Engineers
44:00 Masonry
45:36 Siege Onager
48:29 Arson
星空夜羽
10:32 Feudal Age
12:11 Double-Bit Axe
14:27 Castle Age
12:38 Horse Collar
15:52 Wheelbarrow
15:23 Heavy Plow
17:55 Bow Saw
20:49 Scale Barding Armor
22:48 Bloodlines
23:23 Forging
23:23 Husbandry
24:48 Gold Mining
26:49 Loom
29:38 Imperial Age
28:17 Chain Barding Armor
28:44 Hand Cart
29:38 Iron Casting
28:53 Town Watch
29:22 Fletching
30:20 Gold Shaft Mining
29:35 Stone Mining
30:13 Cavalier
30:14 Heavy Camel Rider
31:30 Plate Barding Armor
31:38 Stone Shaft Mining
31:45 Conscription
32:46 Farimba
32:49 Sappers
33:43 Scale Mail Armor
34:16 Squires
34:01 Arson
34:14 Bodkin Arrow
35:16 Crop Rotation
34:38 Treadmill Crane
35:08 Masonry
36:24 Chemistry
36:16 Chain Mail Armor
37:58 Plate Mail Armor
37:58 Light Cavalry
38:41 Caravan
40:16 Ballistics
39:53 Guard Tower
40:54 Coinage
40:34 Guilds
44:58 Banking
45:04 Architecture
44:31 Murder Holes
45:55 Elite Gbeto
[AirBo]空氣包
6:36 Loom
8:47 Feudal Age
9:21 Double-Bit Axe
11:40 Fletching
16:10 Town Watch
23:50 Castle Age
24:48 Bow Saw
25:38 Horse Collar
26:52 Heavy Plow
29:19 Wheelbarrow
31:00 Fortified Wall
36:33 Imperial Age
35:01 Hand Cart
34:49 Scale Mail Armor
35:55 Chain Mail Armor
36:26 Gambesons
36:02 Pikeman
36:43 Squires
36:55 Forging
38:30 Plate Mail Armor
37:56 Halberdier
ElMaestro
10:20 Feudal Age
12:12 Double-Bit Axe
14:33 Castle Age
12:45 Horse Collar
20:23 Wheelbarrow
21:57 Bow Saw
21:35 Loom
23:20 Hand Cart
24:18 Stone Mining
24:22 Gold Mining
27:52 Imperial Age
27:06 Gold Shaft Mining
26:39 Scale Barding Armor
26:40 Heavy Plow
27:16 Forging
28:00 Chain Barding Armor
28:49 Iron Casting
29:44 Elite Iron Pagoda
30:26 Husbandry
30:02 Elite Iron Pagoda
30:08 Heavy Rocket Cart
31:14 Bloodlines
32:26 Siege Engineers
33:22 Chemistry
34:55 Thunderclap Bombs
35:24 Masonry
35:59 Plate Barding Armor
39:10 Blast Furnace
38:03 Fletching
38:34 Ballistics
41:48 Hoardings
41:33 Conscription
41:20 Fortified Bastions
40:59 Light Cavalry
46:01 Architecture
47:11 Hussar
50:07 Caravan
52:36 Fortified Wall
LM | Scogx
8:52 Loom
10:38 Feudal Age
15:05 Castle Age
14:18 Double-Bit Axe
16:54 Fletching
24:10 Bow Saw
26:01 Wheelbarrow
33:19 Imperial Age
31:21 Fortified Wall
31:30 Gold Mining
33:58 Padded Archer Armor
35:20 Chemistry
34:55 Leather Archer Armor
45:41 Onager
52:24 Leather Archer Armor
LM | Samu
10:12 Feudal Age
11:46 Loom
14:31 Castle Age
12:21 Horse Collar
13:13 Double-Bit Axe
14:53 Light Cavalry
22:27 Wheelbarrow
25:23 Heavy Plow
27:41 Hand Cart
30:05 Imperial Age
28:18 Scale Barding Armor
28:24 Forging
29:12 Bloodlines
29:43 Husbandry
29:11 Pikeman
29:52 Squires
30:42 Bow Saw
30:08 Halberdier
31:11 Scale Mail Armor
31:48 Iron Casting
32:20 Chain Mail Armor
35:04 Blast Furnace
34:58 Conscription
34:00 Capped Ram
35:15 Cavalier
36:25 Chain Barding Armor
40:19 Paladin
43:21 Plate Barding Armor
48:12 Two-Man Saw
48:14 Town Watch
50:24 Hussar
Jan Itor
10:29 Feudal Age
8:46 Loom
14:34 Castle Age
21:38 Horse Collar
26:19 Heavy Plow
27:28 Wheelbarrow
31:05 Gold Mining
34:44 Imperial Age
32:51 Scale Barding Armor
33:13 Forging
33:27 Hand Cart
34:10 Chain Barding Armor
34:29 Husbandry
35:23 Iron Casting
35:01 Bloodlines
35:51 Conscription
35:07 Elite Battle Elephant
37:11 Plate Barding Armor
37:27 Howdah
38:06 Manipur Cavalry
41:15 Blast Furnace
42:02 Coinage
43:28 Banking
42:58 Caravan
43:15 Town Watch
44:33 Squires
45:28 Elite Arambai
46:28 Padded Archer Armor
47:33 Fletching
48:09 Ballistics
48:50 Chemistry
49:43 Siege Engineers
Connection lost

Rejoining the realm…

Still unreachable

The connection could not be restored.

Session expired

The server has moved on; the page needs a fresh start.